 Dungeon Crawl Stone Soup version 0.29.1-1-gd02db69 (webtiles) character file.

Game seed: 392535411383587945

2891 Timinator the Insei (level 9, -7/72 HPs)
             Began as a Demigod Transmuter on Dec 18, 2022.
             Mangled by an orc warrior
             ... wielding a +0 halberd
              (10 damage)
             ... in a bailey.
             The game lasted 00:35:19 (10240 turns).

Timinator the Insei (Demigod Transmuter)           Turns: 10240, Time: 00:35:20

Health: -7/72      AC:  6    Str: 20    XL:     9   Next: 24%
Magic:  17/18      EV: 16    Int: 14    God:
Gold:   462        SH:  0    Dex: 32    Spells: 11/16 levels left

rFire   . . .      SeeInvis .     - Unarmed
rCold   . . .      Faith    .   (no shield)
rNeg    . . .      Spirit   .   z - +0 ring mail
rPois   .          Reflect  .   (helmet currently unavailable)
rElec   .          Harm     .   (no cloak)
rCorr   .          Rampage  .   (no gloves)
Will    .....                   (boots currently unavailable)
Stlth   ++........              (no amulet)
HPRegen 0.22/turn               i - +6 ring of strength
MPRegen 0.16/turn               G - +6 ring of dexterity

@: appendages, invisible
A: horns 2, talons 2, high MP 1, forlorn, divine attributes, agile 1, MP-powered
wands
a: End Transformation


You were in a bailey.
You had temporarily grown beastly horns and talons.
You visited 1 branch of the dungeon, and saw 8 of its levels.
You also visited: Bailey.

You collected 462 gold pieces.

Inventory:

Missiles
 E - a throwing net
Armour
 p - a +0 helmet (melded)
 z - a +0 ring mail (worn)
Jewellery
 i - a +6 ring of strength (left hand)
 q - a ring of ice
 C - a ring of willpower
 G - a +6 ring of dexterity (right hand)
Wands
 x - a wand of paralysis (19)
 F - a wand of flame (11)
Scrolls
 g - a scroll of noise {unknown}
 h - a scroll of magic mapping {unknown}
 k - 6 scrolls of teleportation
 m - a scroll of enchant armour {unknown}
 n - 2 scrolls of amnesia {unknown}
 o - 3 scrolls of vulnerability
 r - a scroll of silence {unknown}
 s - a scroll of summoning {unknown}
 t - a scroll of acquirement {unknown}
 v - a scroll of brand weapon {unknown}
 w - 2 scrolls of blinking {unknown}
 y - a scroll of torment {unknown}
Potions
 a - a potion of experience
 b - 2 potions of attraction
 c - 2 potions of degeneration
 d - 2 potions of heal wounds
 e - a potion of magic {unknown}
 f - 3 potions of cancellation
 l - 3 potions of resistance
 u - 3 potions of haste
 A - a potion of ambrosia
 B - a potion of flight
 D - 2 potions of curing {unknown}
 H - a potion of mutation


   Skills:
 * Level 4.4 Fighting
 * Level 4.6 Armour
 * Level 4.8 Dodging
 + Level 6.1 Unarmed Combat
 + Level 4.2 Spellcasting
 * Level 5.8 Transmutations


You had 11 spell levels left.
You knew the following spells:

 Your Spells              Type           Power      Damage    Failure   Level
a - Wereblood             Tmut           19%        N/A       4%          2
b - Beastly Appendage     Tmut           38%        N/A       2%          1
c - Passwall              Tmut/Erth      9%         N/A       14%         2

Your spell library contained the following spells:

 Spells                   Type           Power      Damage    Failure   Level
 Spider Form              Tmut/Pois      11%        N/A       26%         3
 Sandblast                Erth           4%         2d4       30%         1
 Searing Ray              Conj           4%         2d4       43%         2
 Ice Form                 Ice/Tmut       11%        N/A       65%         4
 Stone Arrow              Conj/Erth      4%         3d7       67%         3
 Irradiate                Conj/Tmut      5%         3d13      94%         5
 Animate Armour           Summ/Erth      4%         N/A       97%         4
 Lehudib's Crystal Spear  Conj/Erth      1%         10d2      100%        8


Dungeon Overview and Level Annotations

Branches:
Dungeon (8/15)             Temple (0/1) D:6          Bailey (1/1)
   Lair: D:8-11


Innate Abilities, Weirdness & Mutations

You have temporarily grown beastly horns and talons.
You have an increased reservoir of magic. (+10% MP)
You shall have no god before yourself.
Your divine heritage dramatically boosts your attributes as you level up.
You are agile. (Dex +4, Str/Int -1)
You expend magic power (3 MP) to strengthen your wands.


Message History

You grow a pair of large bovine horns.
Your feet morph into talons.
Your +0 helmet melds into your body.
The orc warrior shouts!
The orc warrior hits you with a +0 halberd!
You barely miss the orc warrior. You claw the orc warrior.
You headbutt the orc warrior, but do no damage.
The orc warrior is lightly wounded.
The orc warrior misses you.
You hit the orc warrior. Your kick misses the orc warrior.
You headbutt the orc warrior.
The orc warrior is moderately wounded.
Your magical contamination has completely faded away.
You closely miss the orc warrior. Your kick misses the orc warrior.
The orc warrior is moderately wounded.
The orc warrior hits you but does no damage.
You hit the orc warrior. Your kick misses the orc warrior.
The orc warrior is heavily wounded.
You closely miss the orc warrior. Your kick misses the orc warrior.
You headbutt the orc warrior!
The orc warrior is severely wounded.
The orc warrior barely misses you.
You hit the orc warrior.
The orc warrior is almost dead.
The orc warrior misses you.
The orc warrior hits you from afar with a +0 halberd!
* * * LOW HITPOINT WARNING * * *
You hit the orc warrior. You headbutt the orc warrior.
You kill the orc warrior!
The orc warrior hits you from afar with a +0 halberd.
* * * LOW HITPOINT WARNING * * *
The orc warrior hits you with a +0 halberd!
* * * LOW HITPOINT WARNING * * *
You feel much better. The orc warrior barely misses you.
You hit the orc warrior. You claw the orc warrior!
The orc warrior is heavily wounded.
The orc warrior hits you with a +0 halberd!!
* * * LOW HITPOINT WARNING * * *
You fade into invisibility!
The orc warrior hits you with a +0 halberd!
You die...

#.....#
#.....#
#.....#
##'''##
##.....##
#.......#
#..)....#
#.o#.#..#
#.@#8#..#
#)..[)..#
##..)).##
###)###
#.).#
#...#
#...#
#...#
###'###


You could see an orc warrior (unable to see you).

Vanquished Creatures
  Sigmund (D:3)
  3 water moccasins
  5 orc warriors
  2 black bears
  A sky beast (D:6)
  An ice beast (D:7)
  An ogre (D:6)
  2 phantoms
  2 bullfrogs (D:6)
  A scorpion (D:7)
  A gnoll sergeant (D:6)
  2 necrophages (D:4)
  2 wights (D:6)
  A crimson imp (D:5)
  3 hounds
  A gnoll bouda (D:7)
  2 jellies
  5 orc priests
  An iguana (D:3)
  5 orc wizards
  16 gnolls
  6 adders
  A white imp (D:5)
  An ufetubus (D:5)
  3 dart slugs
  37 orcs
  2 bats (D:3)
  8 endoplasms
  3 giant cockroaches
  8 hobgoblins
  4 jackals (D:3)
  2 quokkas (D:4)
  9 ball pythons
  2 frilled lizards
  13 goblins
  12 kobolds
  8 rats
  A bush (D:1)
178 creatures vanquished.

Vanquished Creatures (others)
  8 fungi
  5 plants
13 creatures vanquished.

Grand Total: 191 creatures vanquished

Notes
Turn   | Place    | Note
-------+----------+-------------------------------------------
     0 | D:1      | Timinator the Demigod Transmuter began the quest for the
                  | Orb.
     0 | D:1      | Reached XP level 1. HP: 15/15 MP: 5/5
   225 | D:1      | Reached skill level 3 in Unarmed Combat
   225 | D:1      | Reached XP level 2. HP: 22/22 MP: 5/7
   254 | D:1      | Reached skill level 1 in Fighting
  1420 | D:2      | Reached XP level 3. HP: 28/28 MP: 6/8
  1830 | D:2      | Learned a level 2 spell: Wereblood
  2344 | D:3      | Noticed Sigmund
  2406 | D:3      | Killed Sigmund
  2407 | D:3      | Reached skill level 1 in Armour
  2407 | D:3      | Reached XP level 4. HP: 36/36 MP: 8/10
  2407 | D:3      | Reached XP level 5. HP: 41/41 MP: 8/11
  2945 | D:3      | Got the Omnibus of the Salvo and Sculpting
  3697 | D:4      | Reached XP level 6. HP: 46/48 MP: 10/13
  4498 | D:4      | Reached skill level 4 in Unarmed Combat
  4633 | D:5      | Entered Level 5 of the Dungeon
  4745 | D:5      | Reached XP level 7. HP: 44/56 MP: 14/14
  6300 | D:6      | Reached XP level 8. HP: 63/63 MP: 13/16
  6594 | D:6      | Found a staircase to the Ecumenical Temple.
  6677 | D:6      | Reached skill level 5 in Unarmed Combat
  6828 | D:6      | Reached skill level 5 in Transmutations
  6876 | D:6      | Learned a level 2 spell: Passwall
  7821 | D:7      | HP: 3/65 [gnoll sergeant/+3 spear (12)]
  8159 | D:6      | Gained mutation: You are agile. (Dex +4, Str/Int -1)
                  | [potion of mutation]
  8159 | D:6      | Gained mutation: You expend magic power (3 MP) to
                  | strengthen your wands. [potion of mutation]
  9078 | D:7      | Reached XP level 9. HP: 61/71 MP: 18/18
  9647 | D:8      | Found a flagged portal.
  9657 | Bailey   | Entered a bailey
 10126 | Bailey   | Reached skill level 6 in Unarmed Combat
 10237 | Bailey   | HP: 3/72 [orc warrior/+0 halberd (12)]
 10240 | Bailey   | Mangled by an orc warrior

Illustrated notes

Levels and vault maps discovered:
D:1:      nicolae_arrival_memento_mori, layout_basic, serial_forest,
          infiniplex_forest_split, infiniplex_forest_clump_tiny,
          infiniplex_forest_clump_cross, infiniplex_forest_corner_1,
          infiniplex_forest_clump_cross, infiniplex_forest_clump_tiny,
          infiniplex_forest_clump_diagonal
D:2:      layout_loops_cross, basic_ecumenical_altar, minmay_statues_item,
          kennysheep_minor_cross
D:3:      layout_basic, nzn_wu_jian_council_hall, serial_forest,
          infiniplex_forest_diagonal, infiniplex_forest_end_3,
          infiniplex_forest_lined_ring, infiniplex_forest_lined_room_,
          infiniplex_forest_lined_4_way, infiniplex_forest_straight_4,
          uniq_sigmund
D:4:      layout_basic, serial_aquarium, aquarium_bridge_square
          [aquarium_subvault_window, aquarium_subvault_window,
          aquarium_subvault_bridge, aquarium_subvault_bridge],
          aquarium_bridge_square [aquarium_subvault_bridge,
          aquarium_subvault_window, aquarium_subvault_bridge,
          aquarium_subvault_bridge], aquarium_window_1, aquarium_window_corner,
          aquarium_window_fake, aquarium_window_fake, aquarium_view_2c,
          aquarium_view_4
D:5:      layout_loops_corners, grunt_temple_overflow_lords_of_destruction
D:6:      layout_basic, grunt_temple_overflow_forces_of_nature,
          minmay_temple_entry_sparse_star,
          nicolae_concentric_dashed_squares_mild
D:7:      layout_basic, mainiacjoe_overflow_surrounded_room
D:8:      layout_basic, grunt_lair_entry_orc_guard_hut, enter_bailey_8
Bailey:   bailey_polearm_5, bailey

Skill      XL: |  1  2  3  4  5  6  7  8  9 |
---------------+----------------------------+-----
Unarmed Combat | 3 4 5 6 |  6.1
Fighting       | 1 2 3 4 |  4.4
Dodging        | 2 3 4 |  4.8
Transmutations | 2 3 4 5 |  5.8
Spellcasting   | 2 3 4 |  4.2
Armour         | 1 2 3 4 |  4.6

Action                   |  1- 3 |  4- 6 |  7- 9 || total
-------------------------+-------+-------+-------++-------
Melee: Unarmed           |   216 |   120 |   290 ||   626
       Kick              |    28 |    22 |    69 ||   119
       Headbutt          |    22 |    15 |    51 ||    88
       Punch             |    11 |     5 |    12 ||    28
 Cast: Beastly Appendage |    28 |    16 |    36 ||    80
       Wereblood         |     4 |     9 |    20 ||    33
  Use: Potion            |     1 |       |     7 ||     8
       Scroll            |       |       |    11 ||    11
 Stab: Sleeping          |     1 |       |     1 ||     2
Armor: Leather armour    |    15 |    20 |    19 ||    54
       Skin              |     3 |       |     6 ||     9
       Ring mail         |       |       |     5 ||     5
Dodge: Dodged            |    47 |    44 |   203 ||   294
